AoeStats
← reev699169

Black Forest

507485126Analyzed
4v4 RM · 14d ago on Sep 18, 2026· 30m 58s· 8 players
Game mode
Random Map
Map size
Large (8 player)
Population
200
Speed
Normal
Resources
Standard
Victory
Conquest
Starting age
Dark Age
Ending age
Imperial Age
RankedLock teamsTeams togetherTeam positionsShared explorationLock speedFull tech treeHidden civsTurbo modeCheats
Victory
Defeat
🇻🇳 Turks · Vietnam
1011
+15
🇹🇷 Bulgarians · Türkiye
998
+16
🇨🇳 Cumans · China
980
+17
🇹🇷 Persians · Türkiye
963
+17
🇨🇳 Britons · China
1106
-21
🇨🇳 Persians · China
988
-16
🇨🇳 Huns · China
944
-14
🇨🇳 Inca · China
935
-14
itsapencilcase
0:44 Loom
13:33 Feudal Age
14:45 Double-Bit Axe
18:15 Castle Age
17:54 Horse Collar
20:08 Bow Saw
24:15 Wheelbarrow
23:28 Town Watch
23:46 Stone Mining
23:54 Gold Mining
26:07 Hand Cart
27:10 Heavy Plow
29:41 Stone Shaft Mining
29:32 Forging
30:38 Gold Shaft Mining
SOUL 360
5:09 Loom
12:06 Feudal Age
16:53 Castle Age
14:45 Double-Bit Axe
14:52 Gold Mining
22:10 Imperial Age
21:27 Padded Archer Armor
23:14 Gold Shaft Mining
30:19 Leather Archer Armor
sonsehzadee
11:20 Feudal Age
11:43 Loom
19:15 Castle Age
17:11 Double-Bit Axe
18:30 Horse Collar
21:09 Heavy Plow
24:05 Wheelbarrow
24:34 Caravan
28:17 Coinage
28:19 Hand Cart
29:42 Gold Mining
29:43 Stone Mining
29:48 Fishing Lines
white cat
0:27 Loom
16:21 Feudal Age
19:16 Double-Bit Axe
22:41 Castle Age
20:37 Horse Collar
21:37 Stone Mining
22:35 Gold Mining
23:56 Heavy Plow
24:56 Bow Saw
26:20 Wheelbarrow
29:43 Gold Shaft Mining
30:31 Forging
30:27 Scale Barding Armor
31:07 Hand Cart
lunb829195
0:42 Loom
11:09 Feudal Age
19:14 Castle Age
17:42 Double-Bit Axe
17:48 Horse Collar
21:19 Gold Mining
22:23 Stone Mining
26:56 Imperial Age
26:20 Bow Saw
27:04 Wheelbarrow
26:38 Padded Archer Armor
26:29 Fletching
27:00 Elite Skirmisher
28:03 Thumb Ring
29:17 Leather Archer Armor
28:58 Bodkin Arrow
30:13 Ballistics
DazHkaka
0:45 Loom
11:57 Feudal Age
16:27 Castle Age
14:49 Double-Bit Axe
27:13 Bow Saw
28:30 Gold Mining
28:23 Horse Collar
31:41 Imperial Age
29:33 Fletching
29:44 Padded Archer Armor
30:25 Gold Shaft Mining
29:50 Crossbowman
30:29 Bodkin Arrow
opwo175712
2:12 Loom
2:20 Loom
12:01 Feudal Age
16:49 Castle Age
15:07 Horse Collar
15:30 Double-Bit Axe
16:27 Gold Mining
17:26 Wheelbarrow
21:31 Stone Mining
24:33 Hand Cart
31:28 Imperial Age
29:27 Scale Barding Armor
29:34 Forging
30:31 Gold Shaft Mining
30:09 Bow Saw
30:02 Heavy Plow
29:50 Pikeman
30:31 Squires
reev699169
1:55 Loom
15:24 Feudal Age
21:49 Castle Age
19:52 Horse Collar
20:11 Gold Mining
21:13 Stone Mining
23:29 Wheelbarrow
23:46 Heavy Plow
23:39 Double-Bit Axe
28:39 Stone Shaft Mining
30:01 Hand Cart
Connection lost

Rejoining the realm…

Still unreachable

The connection could not be restored.

Session expired

The server has moved on; the page needs a fresh start.